Map: Ley Lines

Players

LiquidClem (Clem) - Winner!

  • Race: Protoss Protoss
  • League: Master
  • Spawn Location: 1:00

ByuN

  • Race: Terran Terran
  • League: Diamond
  • Spawn Location: 7:00

VOD

Have the link to the VOD?

Description

Time

  • Played on: May 27, 2025, 9:49 p.m.
  • Length: 8:57
Show
View Real Time Build Order
Export as new Build Order

LiquidClem Protoss - Winner!

Build Orders: Blink Stalkers 

Get SALT Encoding   

  12  0:00  Probe  
  13  0:12  Probe  
  14  0:16  Pylon  
  14  0:22  Probe  
  15  0:31  Probe  
  16  0:36  Gateway  
  16  0:39  Probe  
  16  0:45  Assimilator  
  17  0:51  Probe  
  18  1:03  Probe  
  19  1:15  Probe  
  20  1:28  Probe  
  20  1:32  Cybernetics Core  
  21  1:45  Nexus  
  21  1:49  Pylon  
  21  1:53  Probe  
  22  1:59  Adept, Assimilator  
  22  2:05  Probe  
  23  2:14  Warp Gate  
  25  2:17  Probe  
  25  2:18  Stalker  
  26  2:29  Probe  
  29  2:42  Probe  
  29  2:43  Twilight Council  
  30  2:53  Probe  
  30  2:54  Probe, Stalker  
  34  3:01  Probe  
  34  3:03  Blink  
  35  3:06  Probe  
  35  3:11  Probe  
  36  3:15  Gateway  
  36  3:18  Probe  
  38  3:27  Probe  
  38  3:30  Probe  
  39  3:39  Probe  
  40  3:42  Probe  
  40  3:44  Robotics Facility  
  41  3:50  Pylon  
  41  3:51  Probe  
  41  3:54  Probe  
  43  4:00  Gateway  
  43  4:02  Gateway  
  43  4:03  Probe  
  43  4:06  Probe  
  43  4:09  Stalker  
  47  4:12  Stalker  
  47  4:15  Pylon  
  49  4:19  Probe, Assimilator  
  49  4:20  Warp Prism  
  49  4:21  Probe  
  53  4:35  Stalker  
  53  4:37  Stalker  
  57  4:39  Probe  
  58  4:49  Pylon  
  58  4:55  Nexus  
  58  4:58  Observer  
  59  5:04  Charge  
  59  5:17  Stalker x3  
  59  5:19  Pylon  
  59  5:20  Stalker  
  67  5:21  Probe x2  
  69  5:33  Probe  
  69  5:35  Forge  
  70  5:37  Probe  
  71  5:48  Probe  
  72  5:52  Robotics Bay  
  72  5:53  Probe  
  72  5:56  Gateway  
  71  6:01  Assimilator  
  71  6:02  Stalker x3  
  77  6:05  Probe  
  77  6:07  Probe x2  
  77  6:08  Protoss Ground Weapons Level 1  
  77  6:09  Pylon  
  78  6:17  Probe  
  79  6:19  Probe  
  79  6:20  Probe  
  79  6:22  Shield Battery  
  79  6:25  Colossus  
  81  6:29  Probe  
  81  6:31  Pylon, Gateway  
  81  6:32  Probe x2  
  84  6:41  Probe  
  84  6:44  Probe  
  84  6:45  Phoenix  
  84  6:46  Probe  
  92  6:47  Extended Thermal Lance  
  92  6:52  Gateway  
  92  6:55  Gateway  
  92  6:56  Sentry  
  92  6:57  Zealot  
  96  7:02  Colossus  
  96  7:04  Zealot x2  
  96  7:06  Zealot  
  102  7:14  Pylon  
  102  7:16  Pylon  
  102  7:20  Pylon  
  106  7:27  Zealot  
  108  7:30  Pylon  
  108  7:33  Zealot x4  
  116  7:38  Zealot  
  116  7:41  Pylon  
  118  7:44  Pylon  
  118  7:49  Sentry, Zealot, Colossus  
  122  7:54  Zealot x3  
  122  7:55  Pylon, Zealot  
  128  8:05  Zealot x2  
  138  8:12  Zealot x2  
  126  8:16  Zealot x4  
  134  8:20  Pylon  
  134  8:28  Zealot x2  
  130  8:37  Zealot x3  
  130  8:38  Zealot  
  130  8:41  Sentry, Zealot  
  114  8:52  Zealot x2  
Show
View Real Time Build Order
Export as new Build Order

ByuN Terran 

Build Orders:  

Get SALT Encoding   

  12  0:00  SCV  
  13  0:12  SCV  
  14  0:17  Supply Depot  
  14  0:24  SCV  
  14  0:27  Refinery  
  15  0:38  SCV  
  16  0:44  Barracks  
  16  0:50  SCV  
  17  1:03  SCV  
  18  1:14  Engineering Bay  
  18  1:16  SCV  
  20  1:33  Reaper  
  20  1:35  Orbital Command  
  19  1:49  Command Center  
  19  2:00  Factory  
  19  2:04  SCV  
  20  2:08  Barracks Reactor  
  20  2:16  SCV  
  20  2:20  Refinery  
  21  2:23  Supply Depot  
  21  2:28  SCV  
  22  2:40  SCV  
  23  2:45  Marine x2  
  23  2:48  Factory Tech Lab  
  23  2:50  Starport  
  25  2:53  SCV  
  26  3:01  Orbital Command  
  26  3:03  Marine  
  26  3:04  Marine  
  28  3:06  SCV  
  29  3:16  Cyclone  
  29  3:18  SCV  
  33  3:21  Marine  
  33  3:22  Marine  
  35  3:28  Orbital Command  
  35  3:30  SCV  
  35  3:35  Medivac  
  35  3:39  Supply Depot  
  35  3:40  Marine  
  38  3:42  SCV  
  39  3:55  SCV, Marine  
  41  3:58  Marine  
  41  3:59  SCV  
  41  4:02  Siege Tank  
  46  4:03  Supply Depot  
  46  4:07  SCV  
  47  4:11  SCV  
  47  4:12  Marine  
  47  4:16  Marine  
  50  4:19  SCV  
  50  4:22  Barracks  
  50  4:24  SCV  
  52  4:28  Supply Depot  
  52  4:31  SCV  
  53  4:34  Siege Tank  
  53  4:35  Starport Tech Lab  
  53  4:36  SCV  
  57  4:38  Marine x2  
  57  4:43  SCV  
  60  4:48  SCV  
  60  4:50  Bunker  
  60  4:51  Supply Depot, Refinery  
  61  4:55  SCV  
  61  4:56  Marine  
  61  4:57  Marine  
  64  5:01  Engineering Bay  
  64  5:07  SCV x2  
  65  5:08  Siege Tank  
  65  5:11  Barracks  
  69  5:19  Supply Depot, SCV x2  
  71  5:22  Marine  
  71  5:23  Marine  
  71  5:25  Marine  
  71  5:26  Stimpack  
  74  5:33  Starport Reactor  
  74  5:34  SCV x2  
  74  5:35  Terran Infantry Weapons Level 1  
  75  5:46  SCV, Orbital Command  
  74  5:52  Marauder, Marine x2  
  79  5:59  Refinery  
  79  6:05  Factory Reactor  
  79  6:11  Marauder  
  80  6:13  SCV x2  
  80  6:14  Marauder  
  80  6:18  Marine x2  
  86  6:24  Supply Depot  
  86  6:26  Medivac  
  88  6:33  Combat Shield  
  88  6:34  Supply Depot  
  88  6:38  SCV x2  
  90  6:45  Marauder x2  
  90  6:46  Marine  
  95  6:47  Marine  
  96  6:56  Widow Mine x2  
  96  7:00  SCV x2  
  102  7:02  Medivac  
  102  7:04  Medivac  
  102  7:06  Concussive Shells  
  106  7:10  Marauder x2  
  110  7:21  Marine  
  110  7:37  Supply Depot  
  110  7:39  Marauder x2, Widow Mine x2  
  118  7:51  Medivac x2, Marine x2  
  124  8:01  Marauder x2  
  128  8:08  Marine x2  
  128  8:11  SCV  
  128  8:12  SCV  
  116  8:21  Viking  
  116  8:22  Marauder x2  
  116  8:26  Marine x2  
  124  8:33  SCV x2  
Tags
 
Composition
Blink Stalkers
Matchup
PvT
Player
ByuNClem
Spawn Locations
Cross Positions
Add a new tag
Caveats
  • Supply blocks, unpowered buildings, or Contaminate may cause inaccurate times.
  • Supply counts are checked every 10 seconds.